 Dungeon Crawl Stone Soup version 0.31-a0-40-g1d5085d191 (webtiles) character file.

Game seed: 5117069115199322422

343 pk666 the Magician (level 6, -4/32 HPs)
             Began as a Deep Elf Fire Elementalist on May 17, 2023.
             Slain by a gnoll sergeant
             ... wielding a +2 trident of freezing
              (14 damage)
             ... on level 4 of the Dungeon.
             The game lasted 00:05:01 (4494 turns).

pk666 the Magician (Deep Elf Fire Elementalist)     Turns: 4494, Time: 00:05:02

Health: -4/32      AC:  5    Str:  5    XL:     6   Next: 31%
Magic:  6/15       EV: 14    Int: 22    God:
Gold:   202        SH:  0    Dex: 15    Spells: 12/15 levels left

rFire   . . .        n - +2 dagger (venom)
rCold   . . .        (no shield)
rNeg    . . .        a - +0 robe
rPois   .            (no helmet)
rElec   .            (no cloak)
rCorr   .            (no gloves)
SInv    .            o - +2 pair of boots
Will    .....        (no amulet)
Stlth   ++           (no ring)
HPRegen 0.25/turn    (no ring)
MPRegen 0.14/turn

%: no passive effects
@: no status effects
A: no striking features
a: no special abilities


You were on level 4 of the Dungeon.
You visited 1 branch of the dungeon, and saw 4 of its levels.

You collected 202 gold pieces.

Inventory:

Hand Weapons
 n - a +2 dagger of venom (weapon)
Armour
 a - a +0 robe (worn)
 o - a +2 pair of boots (worn)
Jewellery
 j - a ring of poison resistance
Wands
 i - a wand of paralysis (6)
Scrolls
 e - 2 scrolls of amnesia {unknown}
 f - 3 scrolls of identify {unknown}
 k - 4 scrolls of teleportation {unknown}
 l - a scroll of blinking {unknown}
 m - a scroll of poison {unknown}
 p - a scroll of immolation {unknown}
 q - a scroll of fog {unknown}
Potions
 b - a potion of magic
 c - 3 potions of curing {unknown}
 d - 3 potions of heal wounds {unknown}
 g - a potion of cancellation {unknown}
 h - a potion of brilliance {unknown}
 r - a potion of lignification {unknown}
 s - 2 potions of attraction {unknown}


   Skills:
 + Level 4.5 Dodging
 - Level 2.4 Stealth
 + Level 5.1 Spellcasting
 + Level 3.5 Conjurations
 + Level 4.8 Fire Magic


You had 12 spell levels left.
You knew the following spells:

 Your Spells              Type           Power      Damage    Failure   Level
a - Foxfire               Conj/Fire      96%        2x1d8     1%          1
b - Scorch                Fire           54%        2d7       1%          2

Your spell library contained the following spells:

 Spells                   Type           Power      Damage    Failure   Level
 Inner Flame              Hex/Fire       16%        N/A       11%         3
 Volatile Blastmotes      Fire/Tloc      32%        2d12      11%         3
 Cigotuvi's Dreadful Rot  Necr/Pois/Air  10%        N/A       16%         2
 Sublimation of Blood     Necr           5%         N/A       16%         2
 Ignite Poison            Fire/Tmut/Pois 12%        N/A       16%         3
 Flame Wave               Conj/Fire      24%        2d8       19%         4
 Portal Projectile        Hex/Tloc       10%        N/A       30%         3
 Tukima's Dance           Hex            5%         N/A       30%         3
 Dispel Undead            Necr           5%         3d7       69%         4
 Petrify                  Tmut/Erth      5%         N/A       69%         4
 Irradiate                Conj/Tmut      6%         3d13      80%         5
 Freezing Cloud           Conj/Ice/Air   5%         6-21      86%         5
 Blade Hands              Tmut           2%         N/A       95%         5
 Summon Forest            Summ/Tloc      2%         N/A       95%         5
 Death Channel            Necr           2%         N/A       100%        6
 Eringya's Noxious Bog    Tmut/Pois      2%         N/A       100%        6
 Summon Hydra             Summ           2%         N/A       100%        7


Dungeon Overview and Level Annotations

Branches:
Dungeon (4/15)
 Temple: D:4-7

Altars:
Okawaru
Trog
Uskayaw
The Shining One


Message History

You hear a shout! x2
You can't see any susceptible monsters within range! (Use Z to cast anyway.)
You start resting.
A gnoll is nearby!
Flames lash the gnoll.
The gnoll is moderately wounded.
The gnoll's fire resistance burns away.
Flames lash the gnoll.
The gnoll is burned terribly!
You kill the gnoll!
You start resting.
A gnoll is nearby!
Flames lash the gnoll.
The gnoll is moderately wounded.
The gnoll's fire resistance burns away.
Flames lash the gnoll sergeant.
The gnoll sergeant is lightly wounded.
The gnoll sergeant's fire resistance burns away.
The gnoll barely misses you. The gnoll sergeant closely misses you.
Flames lash the gnoll.
The gnoll is burned terribly!
The gnoll is almost dead.
The gnoll hits you but does no damage.
The gnoll sergeant hits you from afar with a +2 trident of freezing.
The gnoll sergeant freezes you.
You barely miss the gnoll.
The gnoll is almost dead.
The gnoll closely misses you. The gnoll misses you.
The gnoll sergeant hits you from afar with a +2 trident of freezing.
The gnoll sergeant freezes you. The gnoll attacks as you move away!
The gnoll hits you with a +0 flail! The gnoll attacks as you move away!
The gnoll barely misses you. The gnoll attacks as you move away!
The gnoll barely misses you.
The gnoll is no longer more vulnerable to fire.
The gnoll shouts!
The gnoll hits you from afar with a +0 spear.
* * * LOW HITPOINT WARNING * * *
You see here a +0 whip.
The gnoll attacks as you move away! The gnoll completely misses you.
The gnoll shouts!
The gnoll sergeant hits you from afar with a +2 trident of freezing!
You die...

≈ ######### .§ #......(#
######≈.≈
#.#####.############.gg.gg.#
#.##......##.........##.'..# ###
#....##.#g##.#.......####§l.
..##########)#g##.#.......####§..
#.##.........g).g............# ≈§
...#.....#.#....@.####<...#######
........>#.#......# #.#### #.##
####(....#.#......# ### #...
....>....#.#.###### ####
.###.#...#.... .# #.....#.#.. .#
##....##### .# #...).....# .#
#.#..####.#


You could see a gnoll sergeant and 3 gnolls.

Vanquished Creatures
  An ogre (D:4)
  2 orc wizards (D:3)
  Robin (D:4)
  6 adders
  2 gnolls (D:4)
  An ufetubus (D:4)
  2 dart slugs (D:1)
  7 orcs
  3 bats (D:1)
  7 endoplasms
  3 giant cockroaches
  19 goblins
  10 hobgoblins
  3 quokkas
  7 ball pythons
  6 frilled lizards
  8 kobolds
  6 rats
94 creatures vanquished.

Vanquished Creatures (others)
  An orc wizard (D:3)
  239 foxfires
240 creatures vanquished.

Grand Total: 334 creatures vanquished

Notes
Turn   | Place    | Note
-------+----------+-------------------------------------------
     0 | D:1      | pk666 the Deep Elf Fire Elementalist began the quest for
                  | the Orb.
     0 | D:1      | Reached XP level 1. HP: 10/10 MP: 6/6
   332 | D:1      | Reached XP level 2. HP: 15/15 MP: 5/8
   335 | D:1      | Learned a level 2 spell: Scorch
  1047 | D:1      | Reached XP level 3. HP: 19/19 MP: 8/10
  1471 | D:2      | Found a faded altar of an unknown god.
  1861 | D:2      | Reached XP level 4. HP: 24/24 MP: 9/11
  2182 | D:2      | Reached skill level 4 in Spellcasting
  2584 | D:3      | Found a hide-covered altar of Uskayaw.
  2632 | D:3      | Found a glowing golden altar of the Shining One.
  2633 | D:3      | Found a bloodstained altar of Trog.
  3020 | D:3      | Reached XP level 5. HP: 8/28 MP: 6/13
  3691 | D:4      | Noticed Robin
  3698 | D:4      | Killed Robin
  3769 | D:4      | Found an iron altar of Okawaru.
  3937 | D:4      | Noticed an ogre
  3940 | D:4      | Killed an ogre
  3941 | D:4      | Reached skill level 5 in Spellcasting
  3941 | D:4      | Reached XP level 6. HP: 32/32 MP: 8/15
  4494 | D:4      | Slain by a gnoll sergeant

Illustrated notes

Levels and vault maps discovered:
D:1:      onia_arrival_mini_spirals, layout_loops_corners
D:2:      layout_basic, ebering_ecumenical_altar_webs, hangedman_glass_teeth
D:3:      layout_loops_ring, grunt_temple_overflow_open, minivault_14
D:4:      layout_basic, okawaru_metal_pillars_3, kennysheep_generic_room_7,
          uniq_robin, uniq_crazy_yiuf_cottage

Skill      XL: |  1  2  3  4  5 |
---------------+----------------+-----
Dodging        | 3 4 |  4.5
Conjurations   | 2 3 |  3.5
Spellcasting   | 4 5 |  5.1
Fire Magic     | 4 |  4.8
Stealth        | |  2.4

Action                     |  1- 3 |  4- 6 || total
---------------------------+-------+-------++-------
  Melee: Dagger            |       |     1 ||     1
   Cast: Foxfire           |    82 |    74 ||   156
         Scorch            |     2 |    34 ||    36
 Armour: Robe              |       |     5 ||     5
  Dodge: Dodged            |     1 |    20 ||    21

Table legend: (Time is in decaauts)
 A = Elapsed time spent in this place.
 B = Non-inter-level travel time spent in this place.
 C = Inter-level travel time spent in this place.
 D = Time resting spent in this place.
 E = Time spent auto-exploring this place.
 F = Levels seen in this place.
 G = Mean time per level.
                   A        B        C        D        E       F      G
               +--------+--------+--------+--------+--------+-----+--------+
         Total |   4496 |   4402 |     94 |    607 |   3244 |   4 | 1124.0 |
       Dungeon |   4496 |   4402 |     94 |    607 |   3244 |   4 | 1124.0 |
               +--------+--------+--------+--------+--------+-----+--------+

Top non-repeatable levels by time:
     D:1: 1433 daAuts
     D:3: 1096 daAuts
     D:2: 1030 daAuts
     D:4: 936 daAuts
